 Dungeon Crawl Stone Soup version 0.18.1-50-g88ac8fd (webtiles) character file.

32180 magog001 the Severer (level 13, -6/183 HPs)
             Began as a Hill Orc Fighter on Feb 27, 2018.
             Was a High Priest of Nemelex Xobeh.
             Mangled by a boulder beetle (29 damage)
             ... on level 6 of the Lair of Beasts on Mar 8, 2018.
             The game lasted 01:44:05 (19010 turns).

magog001 the Severer (Hill Orc Fighter)            Turns: 19010, Time: 01:44:06

Health: -6/183     AC: 26    Str: 35    XL:     13   Next: 62%
Magic:  13/13      EV:  2    Int:  8    God:    Nemelex Xobeh [*****.]
Gold:   1013       SH:  9    Dex: 10    Spells: 0 memorised, 12 levels left

rFire  . . .     SeeInvis .     P - +3 war axe (chop)
rCold  . . .     Gourm    .     (armour currently unavailable)
rNeg   + + +     Faith    .     x - +3 buckler
rPois  +         Spirit   .     (helmet currently unavailable)
rElec  .         Dismiss  .     (cloak currently unavailable)
rCorr  .         Reflect  .     (gloves currently unavailable)
SustAt .         Harm     .     (boots currently unavailable)
MR     .....     NoTele   +     t - amulet of regeneration
Stlth  ++........               r - +3 ring of strength
                                y - +3 ring of strength

@: mighty, tree-form, not resistant to hostile enchantments, unstealthy
A: (large bone plates 0), wild magic 1
a: Triple Draw, Deal Four, Stack Five, Renounce Religion


You were on level 6 of the Lair of Beasts.
You worshipped Nemelex Xobeh.
Nemelex Xobeh was extremely pleased with you.
You were completely stuffed.
You were a tree.
You visited 3 branches of the dungeon, and saw 18 of its levels.

You collected 1013 gold pieces.

Inventory:

Hand Weapons
 K - a +4 blowgun
 P - a +3 war axe of chopping (weapon)
Missiles
 l - 60 poisoned needles
 Y - 2 tomahawks of returning (quivered)
Armour
 g - a +0 plate armour (melded)
 j - a +0 cloak (melded)
 m - a +2 helmet (melded)
 x - a +3 buckler (worn)
 A - a +2 pair of boots (melded)
 M - a +0 pair of gloves (melded)
Jewellery
 r - a +3 ring of strength (right branch)
 t - an amulet of regeneration (around neck)
 y - a +3 ring of strength (left branch)
 R - an uncursed ring of resist corrosion
Wands
 q - a wand of iceblast (5/15)
 z - a wand of flame (31/48)
 D - a wand of digging (16/24)
 E - a wand of flame (20/48)
 F - a wand of paralysis (6/24)
 G - a wand of iceblast (0/15)
 J - a wand of lightning (7/15)
 Q - a wand of slowing (18/48)
 Z - a wand of polymorph (0/24)
Scrolls
 a - 2 scrolls of magic mapping
 s - 5 scrolls of remove curse
 I - a scroll of identify
 O - 3 scrolls of fear
Potions
 d - 3 potions of might
 h - 6 potions of brilliance
 k - 2 potions of lignification
 v - 4 potions of cancellation
 w - 2 potions of agility
 H - 3 potions of ambrosia
 W - 2 potions of resistance
 X - a potion of flight
Miscellaneous
 b - a legendary deck of destruction {drawn: 2}
 c - a plain deck of escape {drawn: 1}
 e - an ornate deck of war {drawn: 1}
 o - an ornate deck of destruction
 u - a legendary deck of escape
 C - a legendary deck of escape
 S - a plain deck of summoning {drawn: 3}
 T - an ornate deck of escape
 V - an ornate deck of war
Comestibles
 f - a beef jerky
 B - 11 fruits
 L - 2 meat rations
 N - 5 bread rations
 U - 2 royal jellies


   Skills:
 * Level 13.1 Fighting
 * Level 16.4 Axes
 + Level 1.2 Throwing
 * Level 12.0 Armour
 + Level 1.3 Stealth
 * Level 12.0 Shields
 + Level 1.1 Evocations


You had 12 spell levels left.
You didn't know any spells.

Dungeon Overview and Level Annotations

Branches:
Dungeon (11/15)            Temple (1/1) D:6            Lair (6/8) D:11
  Swamp (0/4) Lair:5        Snake (0/4) Lair:6
  Slime: Lair:6-8       Orc: D:9-12

Altars:
Ashenzari
Cheibriados
Dithmenos
Elyvilon
Fedhas
Gozag
Kikubaaqudgha
Makhleb
Nemelex Xobeh
Okawaru
Pakellas
Qazlal
Ru
Sif Muna
Trog
Vehumet
Xom
Yredelemnul
Zin
The Shining One

Annotations:
Lair:6 Nessos


Innate Abilities, Weirdness & Mutations

((You are partially covered in large bone plates (AC +2, SH +2).))
Your spells are a little harder to cast, but a little more powerful.


Message History

* * * LOW HITPOINT WARNING * * *
Drink which item? (? for menu, Esc to quit)
You feel very mighty all of a sudden.
The boulder beetle bites you but does no damage.
Nessos blinks!
Evoke which item? (* to show all) (? for menu, Esc to quit)
You draw a card...
It is the Orb.
You have drawn the Orb.
Press: ? - help, Shift-Dir - straight line, f/p - boulder beetle
Aim: a boulder beetle (heavily wounded)
The wavering orb of destruction weakly hits the boulder beetle.
The boulder beetle is severely wounded.
The rock wall explodes into countless fragments.
You block the boulder beetle's attack.
Unknown command.
Evoke which item? (* to show all) (? for menu, Esc to quit)
You draw a card...
It is the Illusion.
Suddenly you stand beside yourself. The boulder beetle bites you!!
You die...
Your body glows with a rainbow of weird colours and disappears.

.......†.†..............#
........................##
.........................#
........................##
......##.###............## .
...####....###...........# ..
.. #.........#...........###
... ##.........#...........#.#
.... #.......§§§♣#...........#
.....#......*.JBB#.(.......P##
......(.........c@..........##
.....#.§§.†......#(..........#
.... #B..........#.........P##
... ##.........##.........P#
.c #.........#..........P# .
###.....###..........P#
###.### ...........##


You could see 2 boulder beetles, Nessos, an ooze and the friendly magog001's
illusion.

Vanquished Creatures
  Josephine (D:10)
  Fannar (Lair:2)
  The ghost of magog001 the Blocker, a novice MiFi of Nemelex Xobeh (Lair:1)
  An unseen horror (D:11)
  Pikel (D:6)
  A hill giant (D:10)
  A cyclops (D:11)
  An oklob plant (Lair:3)
  3 elephants (Lair:5)
  A guardian serpent (Lair:6)
  A black mamba (Lair:1)
  10 spiny frogs
  A gargoyle (D:10)
  7 komodo dragons
  2 trolls
  A polar bear (Lair:6)
  A raiju (Lair:1)
  12 blink frogs
  A spriggan (D:9)
  4 wraiths
  36 yaks
  3 hungry ghosts
  5 hippogriffs
  12 water moccasins
  10 porcupines
  Duvessa (D:7)
  A phantom (D:5)
  2 sky beasts
  3 orc warriors
  8 necrophages
  3 ogres
  14 wolves
  5 centaurs
  14 crocodiles
  3 big kobolds
  Blork the orc (D:6)
  13 giant frogs
  Dowan (D:7)
  A water moccasin zombie (D:8)
  7 scorpions
  8 killer bees (D:8)
  8 wights
  4 crimson imps
  3 howler monkeys
  A jelly (D:7)
  2 giant frog skeletons
  4 human zombies (D:8)
  A centaur skeleton (D:10)
  5 orc priests
  6 hounds
  11 iguanas
  A gnoll shaman (D:7)
  9 orc wizards
  9 worker ants
  8 sheep (Lair:5)
  A hound zombie (D:8)
  2 mummies (D:8)
  Robin (D:2)
  A howler monkey zombie (D:9)
  A worker ant zombie (D:10)
  8 gnolls
  13 adders
  40 river rats
  3 shadow imps
  4 oozes
  5 worms
  3 dart slugs
  6 giant geckos
  34 orcs
  13 bats
  3 bat zombies (D:3)
  3 giant cockroaches
  19 goblins
  10 hobgoblins
  16 jackals
  3 quokkas
  A ball python (D:3)
  6 giant newts
  A jackal zombie (D:8)
  23 kobolds
  An orc zombie (D:8)
  7 rats
  2 rat zombies (D:3)
  A bush (Lair:3)
  A butterfly (D:2)
  7 fungi
  4 plants
518 creatures vanquished.

Vanquished Creatures (collateral kills)
  2 boulder beetles (Lair:6)
  A crocodile (Lair:2)
  A fungus (Lair:3)
4 creatures vanquished.

Vanquished Creatures (others)
  Eustachio (D:6)
  A slave (D:6)
  2 orcs (D:6)
  4 fungi
  A plant (D:8)
9 creatures vanquished.

Grand Total: 531 creatures vanquished

Notes
Turn   | Place    | Note
--------------------------------------------------------------
     0 | D:1      | magog001 the Hill Orc Fighter began the quest for the Orb.
     0 | D:1      | Reached XP level 1. HP: 19/19 MP: 1/1
    16 | D:1      | Reached skill level 3 in Axes
    16 | D:1      | Reached XP level 2. HP: 25/27 MP: 2/2
   408 | D:1      | Reached XP level 3. HP: 28/33 MP: 3/3
  1315 | D:2      | Reached XP level 4. HP: 37/40 MP: 4/4
  1593 | D:2      | Reached skill level 4 in Axes
  1607 | D:2      | Noticed Robin
  1629 | D:2      | Killed Robin
  1629 | D:2      | Reached XP level 5. HP: 25/47 MP: 5/5
  1772 | D:2      | Found a shimmering altar of Xom.
  1814 | D:2      | Found a radiant altar of Vehumet.
  2237 | D:3      | Found an ancient bone altar of Kikubaaqudgha.
  2494 | D:3      | Reached XP level 6. HP: 43/55 MP: 6/6
  2771 | D:4      | Reached skill level 5 in Fighting
  2882 | D:3      | Reached skill level 5 in Axes
  2882 | D:3      | Reached skill level 5 in Shields
  3197 | D:4      | Reached XP level 7. HP: 58/61 MP: 7/7
  3356 | D:4      | Reached skill level 5 in Armour
  3411 | D:4      | Gained mutation: You have a pair of small horns on your head. [potion of mutation]
  3411 | D:4      | Gained mutation: You expend magic power (3 MP) to strengthen your wands. [potion of mutation]
  3411 | D:4      | Gained mutation: Your body sometimes deteriorates upon taking damage. [potion of mutation]
  3412 | D:4      | Gained mutation: Armour fits poorly on your strangely shaped body. [potion of mutation]
  3412 | D:4      | Lost mutation: Your body sometimes deteriorates upon taking damage. [potion of mutation]
  3412 | D:4      | Gained mutation: Your magical capacity is low (-10% MP). [potion of mutation]
  4034 | D:4      | Reached skill level 6 in Axes
  4344 | D:5      | Entered Level 5 of the Dungeon
  4471 | D:5      | Reached XP level 8. HP: 70/70 MP: 7/7
  4594 | D:5      | Found a shattered altar of Ashenzari.
  4794 | D:5      | You fall through a shaft!
  4794 | D:6      | Found a staircase to the Ecumenical Temple.
  4803 | Temple   | Entered the Ecumenical Temple
  4825 | Temple   | Became a worshipper of Nemelex Xobeh the Trickster
  4960 | D:5      | Received a gift from Nemelex Xobeh
  5011 | D:5      | Reached skill level 7 in Axes
  5158 | D:6      | Noticed Pikel
  5190 | D:6      | Killed Pikel
  5190 | D:6      | Reached skill level 8 in Axes
  5190 | D:6      | Reached XP level 9. HP: 45/78 MP: 8/8
  5300 | D:6      | Killed Eustachio
  5762 | D:6      | Noticed Blork the orc
  5787 | D:6      | Killed Blork the orc
  6068 | D:7      | Reached * piety under Nemelex Xobeh
  6088 | D:7      | Received a gift from Nemelex Xobeh
  6418 | D:7      | Found a stormy altar of Qazlal.
  6420 | D:7      | Noticed Duvessa
  6423 | D:7      | Noticed Dowan
  6430 | D:7      | Killed Duvessa
  6437 | D:7      | Killed Dowan
  6437 | D:7      | Reached skill level 9 in Axes
  6754 | D:7      | Reached ** piety under Nemelex Xobeh
  7127 | D:8      | Noticed a troll
  7136 | D:8      | Killed a troll
  7309 | D:8      | Found a blossoming altar of Fedhas.
  7366 | D:8      | Reached skill level 1 in Throwing
  7366 | D:8      | Reached skill level 10 in Axes
  7366 | D:8      | Reached XP level 10. HP: 72/86 MP: 6/9
  8092 | D:8      | Found a shadowy altar of Dithmenos.
  8092 | D:8      | Found a deep blue altar of Sif Muna.
  8254 | D:8      | Found a burning altar of Makhleb.
  8261 | D:8      | Found a glowing silver altar of Zin.
  8261 | D:8      | Noticed an angel
  8261 | D:8      | Noticed an Executioner
  8435 | D:8      | Found a basalt altar of Yredelemnul.
  8487 | D:8      | Reached skill level 11 in Axes
  8850 | D:9      | Received a gift from Nemelex Xobeh
  8900 | D:9      | Found a glowing golden altar of the Shining One.
  9306 | D:9      | Found an iron altar of Okawaru.
  9486 | D:9      | Gained mutation: You are partially covered in large bone plates (AC +2, SH +2). [potion of mutation]
  9545 | D:9      | Reached XP level 11. HP: 41/94 MP: 10/10
  9904 | D:9      | Reached skill level 1 in Stealth
  9910 | D:9      | Reached skill level 12 in Axes
  9917 | D:9      | Reached skill level 10 in Fighting
 10151 | D:9      | Reached *** piety under Nemelex Xobeh
 10288 | D:9      | Received a gift from Nemelex Xobeh
 10318 | D:9      | Found a snail-covered altar of Cheibriados.
 10426 | D:9      | Reached skill level 10 in Armour
 10436 | D:10     | Entered Level 10 of the Dungeon
 10453 | D:10     | Found an opulent altar of Gozag.
 10724 | D:10     | Received a gift from Nemelex Xobeh
 10799 | D:10     | Noticed Josephine
 10817 | D:10     | Killed Josephine
 10997 | D:10     | Lost mutation: Armour fits poorly on your strangely shaped body. [potion of cure mutation]
 10997 | D:10     | Lost mutation: Your magical capacity is low (-10% MP). [potion of cure mutation]
 10997 | D:10     | Lost mutation: You have a pair of small horns on your head. [potion of cure mutation]
 10997 | D:10     | Lost mutation: You expend magic power (3 MP) to strengthen your wands. [potion of cure mutation]
 11004 | D:10     | Gained mutation: You are partially covered in iridescent scales (AC +4). [potion of beneficial mutation]
 11185 | D:10     | Received a gift from Nemelex Xobeh
 11445 | D:11     | Noticed a cyclops
 11445 | D:11     | Noticed a hill giant
 11462 | D:10     | Killed a hill giant
 11597 | D:11     | Killed a cyclops
 11597 | D:11     | Reached skill level 13 in Axes
 11597 | D:11     | Reached skill level 10 in Shields
 11647 | D:11     | Reached **** piety under Nemelex Xobeh
 11724 | D:11     | Killed an unseen horror
 11998 | D:11     | Reached XP level 12. HP: 103/108 MP: 12/12
 12136 | D:11     | Found a staircase to the Lair.
 12189 | Lair:1   | Entered Level 1 of the Lair of Beasts
 12602 | Lair:1   | Noticed magog001's ghost (novice MiFi)
 12652 | Lair:1   | Killed magog001's ghost
 12652 | Lair:1   | Reached skill level 14 in Axes
 12891 | Lair:1   | Received a gift from Nemelex Xobeh
 12940 | Lair:1   | Found a white marble altar of Elyvilon.
 13488 | Lair:1   | Received a gift from Nemelex Xobeh
 13691 | Lair:2   | Noticed Fannar
 13915 | Lair:2   | Lost mutation: You are partially covered in iridescent scales (AC +4). [helix card]
 13915 | Lair:2   | Gained mutation: Your spells are a little harder to cast, but a little more powerful. [helix card]
 14114 | Lair:2   | Killed Fannar
 14369 | Lair:2   | Reached skill level 15 in Axes
 14604 | Lair:2   | Received a gift from Nemelex Xobeh
 15189 | Lair:2   | Reached skill level 1 in Evocations
 15464 | Lair:3   | Reached ***** piety under Nemelex Xobeh
 15511 | Lair:3   | Reached XP level 13. HP: 114/118 MP: 13/13
 15725 | Lair:3   | Received a gift from Nemelex Xobeh
 16797 | Lair:4   | Received a gift from Nemelex Xobeh
 17377 | Lair:4   | Received a gift from Nemelex Xobeh
 18209 | Lair:5   | Reached skill level 16 in Axes
 18522 | Lair:5   | Found a staircase to the Swamp.
 18676 | Lair:6   | Received a gift from Nemelex Xobeh
 18874 | Lair:6   | Found a staircase to the Snake Pit.
 18904 | Lair:6   | Received a gift from Nemelex Xobeh
 18981 | Lair:6   | Noticed Nessos
 19003 | Lair:6   | HP: 6/122 [poisoned by Nessos]
 19010 | Lair:6   | Mangled by a boulder beetle

Skill      XL: |  1  2  3  4  5  6  7  8  9 10 11 12 13 |
---------------+----------------------------------------+-----
Axes           | 3 4 5 6 8 10 11 13 15 16 | 16.4
Fighting       | 4 5 6 8 9 10 12 13 | 13.1
Armour         | 4 5 6 7 9 10 11 12 | 12.0
Shields        | 4 5 6 7 8 9 10 11 12 | 12.0
Throwing       | 1 |  1.2
Stealth        | 1 |  1.3
Evocations     | 1 |  1.1

Action                   |  1- 3 |  4- 6 |  7- 9 | 10-12 | 13-15 || total
-------------------------+-------+-------+-------+-------+-------++-------
Melee: War axe           |   113 |   274 |   318 |   952 |   381 ||  2038
       Headbutt          |       |       |    62 |    73 |       ||   135
 Fire: Blowgun           |       |       |    14 |       |       ||    14
Throw: Tomahawk          |       |       |       |     1 |     1 ||     2
Evoke: Wand              |       |       |     6 |    10 |     9 ||    25
       Deck              |       |       |     1 |     6 |     8 ||    15
  Use: Scroll            |     2 |     1 |    11 |    14 |     9 ||    37
       Potion            |       |       |     6 |     9 |    11 ||    26
  Eat: Chunk             |     1 |     3 |    12 |     8 |     7 ||    31
       Bread ration      |     1 |       |       |     7 |     1 ||     9
       Pizza             |       |       |     1 |     2 |       ||     3
Armor: Scale mail        |    54 |    16 |       |       |       ||    70
       Plate armour      |       |   215 |   151 |   478 |   113 ||   957
       Skin              |       |       |       |       |    35 ||    35
Dodge: Dodged            |    27 |    47 |    78 |   189 |    61 ||   402
Block: Shield            |    60 |   182 |    22 |       |       ||   264
       Buckler           |       |       |    93 |   405 |   172 ||   670
